 Dungeon Crawl Stone Soup version 0.19.5 (webtiles) character file.

279 greprep the Shield-Bearer (level 6, -4/52 HPs)
             Began as a Minotaur Fighter on Apr 30, 2017.
             Was an Initiate of Okawaru.
             Slain by an ogre
             ... wielding a +0 giant spiked club
              (18 damage)
             ... on level 4 of the Dungeon.
             The game lasted 00:12:00 (2770 turns).

greprep the Shield-Bearer (Minotaur Fighter)        Turns: 2770, Time: 00:12:01

Health: -4/52      AC:  7    Str: 23    XL:     6   Next: 5%
Magic:  0/5        EV:  8    Int:  5    God:    Okawaru [......]
Gold:   124        SH: 10    Dex:  9    Spells: 0 memorised, 5 levels left

rFire  + . .     SeeInvis .     a - +1 war axe
rCold  x . .     Gourm    .     b - +0 scale mail
rNeg   . . .     Faith    .     c - +0 shield
rPois  .         Spirit   +     (helmet restricted)
rElec  .         Reflect  .     (no cloak)
rCorr  .         Harm     .     (no gloves)
MR     .....                    (no boots)
Stlth  ..........               m - amulet of guardian spirit
                                (no ring)
                                e - ring of fire

@: no status effects
A: retaliatory headbutt, horns 2
a: Renounce Religion


You were on level 4 of the Dungeon.
You worshipped Okawaru.
Okawaru was noncommittal.
You were very hungry.

You visited 2 branches of the dungeon, and saw 5 of its levels.

You collected 124 gold pieces.

Inventory:

Hand Weapons
 a - a +1 war axe (weapon)
 l - a +0 dagger of electrocution
Armour
 b - a +0 scale mail (worn)
 c - a +0 shield (worn)
Jewellery
 e - a ring of fire (left hand)
 m - an amulet of guardian spirit (around neck)
 n - a cursed amulet of inaccuracy {unknown}
Wands
 p - a wand of polymorph (16/24)
Scrolls
 i - a scroll of fog
 r - a scroll of enchant armour {unknown}
Potions
 d - a potion of might
 g - a potion of lignification {unknown}
 j - a potion of heal wounds
 o - 3 potions of berserk rage {unknown}
Comestibles
 f - 2 bread rations
 h - a beef jerky
 k - a royal jelly
 q - a slice of pizza


   Skills:
 + Level 3.9 Fighting
 + Level 4.9 Axes
 + Level 5.0 Armour
 + Level 1.0 Dodging
 + Level 0.8 Stealth
 + Level 5.2 Shields


You had 5 spell levels left.
You didn't know any spells.

Dungeon Overview and Level Annotations

Branches:
Dungeon (4/15)             Temple (1/1) D:4

Altars:
Ashenzari
Dithmenos
Elyvilon
Fedhas
Hepliaklqana
Makhleb
Okawaru
Qazlal
Ru
Sif Muna
Trog
Uskayaw
Vehumet
Xom
Yredelemnul
Zin
The Shining One


Innate Abilities, Weirdness & Mutations

You reflexively headbutt those who attack you in melee.
You have a pair of horns on your head.


Message History

Your Armour skill increases to level 5!
You have reached level 6!
Your experience leads to an increase in your attributes!
Increase (S)trength, (I)ntelligence, or (D)exterity?
You feel stronger.
An ogre comes into view. It is wielding a giant spiked club.
The ogre shouts!
A quokka comes into view.
The quokka moves out of view.
You hit the ogre. You headbutt the ogre!
The ogre is moderately wounded.
The ogre hits you with a giant spiked club!
You barely miss the ogre. Your headbutt misses the ogre.
The ogre is moderately wounded.
The ogre hits you with a giant spiked club!!
* * * LOW HITPOINT WARNING * * *
You hit the ogre. Your headbutt misses the ogre.
The ogre is heavily wounded.
The ogre hits you with a giant spiked club!!
You die...

#.# #.# #.# #.####
##.##.. ##...#.#
###......#
##########.......†.
#.@........###.##.#
#O########## #.##.#
... #.##.. #.#.
#+#### #.#. # ##


You could see an ogre.

Vanquished Creatures
  A howler monkey (D:4)
  A hound (D:4)
  An orc priest (D:3)
  Ijyb (D:2)
  An iguana (D:4)
  2 worker ants (D:4)
  An adder (D:2)
  A dart slug (D:3)
  A leopard gecko (D:2)
  4 orcs
  A ball python (D:2)
  2 giant cockroaches
  5 hobgoblins
  4 jackals (D:2)
  12 kobolds
  3 quokkas
  14 bats
  8 frilled lizards
  6 goblins
  6 rats
75 creatures vanquished.

Notes
Turn   | Place    | Note
-------+----------+-------------------------------------------
     0 | D:1      | greprep the Minotaur Fighter began the quest for the Orb.
     0 | D:1      | Reached XP level 1. HP: 19/19 MP: 0/0
   178 | D:1      | Reached XP level 2. HP: 27/27 MP: 1/1
   597 | D:2      | Reached XP level 3. HP: 33/33 MP: 2/2
   622 | D:2      | Noticed Ijyb
   628 | D:2      | Killed Ijyb
   851 | D:2      | Reached XP level 4. HP: 40/40 MP: 3/3
  1685 | D:3      | Reached XP level 5. HP: 44/46 MP: 4/4
  1708 | D:3      | Found a shadowy altar of Dithmenos.
  1793 | D:3      | Found a faded altar of an unknown god.
  2374 | D:4      | Reached skill level 1 in Dodging
  2374 | D:4      | Reached skill level 5 in Shields
  2476 | D:4      | Found a staircase to the Ecumenical Temple.
  2567 | Temple   | Entered the Ecumenical Temple
  2653 | Temple   | Became a worshipper of Warmaster Okawaru
  2748 | D:4      | Reached skill level 5 in Armour
  2748 | D:4      | Reached XP level 6. HP: 40/52 MP: 3/5
  2770 | D:4      | Slain by an ogre

Skill      XL: |  1  2  3  4  5 |
---------------+----------------+-----
Armour         | 4 5 |  5.0
Axes           | 3 4 |  4.9
Shields        | 4 5 |  5.2
Dodging        | 1 |  1.0
Fighting       | |  3.9
Stealth        | |  0.8

Action                   |  1- 3 |  4- 6 || total
-------------------------+-------+-------++-------
Melee: War axe           |    73 |   113 ||   186
       Headbutt          |     6 |    16 ||    22
  Use: Scroll            |     2 |     4 ||     6
  Eat: Meat ration       |       |     1 ||     1
Armor: Scale mail        |    40 |    14 ||    54
       Chain mail        |       |    38 ||    38
Dodge: Dodged            |    20 |    33 ||    53
Block: Shield            |    46 |    83 ||   129
